 Dungeon Crawl Stone Soup version 0.28-a0-1038-g9c4cb8273d (webtiles) character file.

Game seed: 4721670652576248995

465 croobank the Covered (level 7, -2/41 HPs)
             Began as a Gargoyle Fighter on Dec 9, 2021.
             Was a Believer of Okawaru.
             Slain by an orc warrior (9 damage)
             ... on level 6 of the Dungeon.
             The game lasted 00:22:59 (4906 turns).

croobank the Covered (Gargoyle Fighter)             Turns: 4906, Time: 00:22:59

Health: -2/41      AC: 11    Str: 19    XL:     7   Next: 8%
Magic:  11/11      EV:  9    Int: 11    God:    Okawaru [**....]
Gold:   178        SH:  4    Dex:  9    Spells: 7/11 levels left

rFire   . . .      SeeInvis .   a - +0 flail
rCold   . . .      Faith    .   c - +0 buckler
rNeg    + . .      Spirit   .   o - +0 scale mail
rPois   ∞          Reflect  .   (no helmet)
rElec   +          Harm     .   (no cloak)
rCorr   .          Rampage  .   (no gloves)
Will    .....                   (no boots)
Stlth   ..........              (no amulet)
HPRegen 0.13/turn               (no ring)
MPRegen 0.12/turn               (no ring)

@: no status effects
A: sickness immunity, AC +4, negative energy resistance 1, electricity
resistance, torment resistance 1, petrification resistance
a: Renounce Religion, Heroism


You were on level 6 of the Dungeon.
You worshipped Okawaru.
Okawaru was pleased with you.
You visited 1 branch of the dungeon, and saw 6 of its levels.

You collected 178 gold pieces.

Inventory:

Hand Weapons
 a - a +0 flail (weapon)
 p - a +0 glaive
Missiles
 e - 75 stones (quivered)
 j - 61 arrows
Armour
 c - a +0 buckler (worn)
 d - a +0 plate armour
 h - a +0 chain mail
 o - a +0 scale mail (worn)
Magical Staves
 i - a staff of death
Scrolls
 b - a scroll of immolation {unknown}
 g - a scroll of summoning {unknown}
 l - a scroll of teleportation
Potions
 k - a potion of brilliance
 m - a potion of curing
 n - a potion of resistance {unknown}


   Skills:
 - Level 3.5 Fighting
 - Level 3.1 Maces & Flails
 - Level 4.2 Armour
 - Level 0.4 Dodging
 - Level 3.8 Shields
 + Level 2.7 Spellcasting
 + Level 2.9 Hexes
 + Level 2.1 Necromancy


You had 7 spell levels left.
You knew the following spells:

 Your Spells              Type           Power      Damage    Failure   Level
a - Ensorcelled Hibernat  Hex/Ice        8%         N/A       54%         2
b - Blink                 Tloc           2%         N/A       75%         2

Your spell library contained the following spells:

 Spells                   Type           Power      Damage    Failure   Level
 Spider Form              Tmut/Pois      1%         N/A       93%         3
 Manifold Assault         Tloc           1%         N/A       100%        5
 Storm Form               Tmut/Air       0%         N/A       100%        7


Dungeon Overview and Level Annotations

Branches:
Dungeon (6/15)
 Temple: D:4-7

Altars:
Ashenzari
Fedhas
Hepliaklqana
Kikubaaqudgha
Nemelex Xobeh
Okawaru
Uskayaw
Zin

Shops:
D:2 (!(:

Annotations:
D:5 Ijyb


Innate Abilities, Weirdness & Mutations

You are immune to sickness and miasma.
Your stone body is resilient. (AC +4)
You are immune to poison.
You resist negative energy. (rN+)
You are resistant to electric shocks. (rElec)
You are resistant to unholy torment.
You are immune to petrification.


Message History

Okawaru accepts your kill.
You have reached level 7!
You start resting.
The sentinel's mark upon you fades away.
You start resting.
Magic restored.
You start resting.
An orc wizard is nearby!
The orc wizard shouts!
The orc wizard gestures wildly while chanting.
The orc wizard flickers and vanishes!
Deactivating autopickup; reactivate with Ctrl-A.
An orc warrior comes into view. It is wielding a +0 halberd.
The orc warrior shouts!
The orc shouts! x2; You hear a shout! x2
The orc warrior hits you from afar with a +0 halberd!
Something hits you.
An orc comes into view. It is wielding a +0 hand axe.
Things that are here:
a +0 halberd; a +0 robe
There is a stone staircase leading up here.
A white imp comes into view.
The white imp shouts!
An orc comes into view. It is wielding a +0 flail.
Things that are here:
a +0 halberd; a +0 robe The orc warrior barely misses you.
There is a stone staircase leading up here.
You barely miss something.
The orc warrior hits you from afar with a +0 halberd!
Something hits you but does no damage. The orc warrior closely misses you.
You barely miss something.
The orc shouts!
You hear some strange, mumbled words.
A puff of flame appears from out of thin air!
The puff of flame hits you.
* * * LOW HITPOINT WARNING * * *
A bullfrog skeleton comes into view.
The orc warrior misses you. Something hits you but does no damage.
The orc warrior hits you from afar with a +0 halberd!
You die...

#######
#@{o5.#
###ooo.Z#
##o....
#... #.


You could see an orc warrior, a white imp, 4 orcs and a bullfrog skeleton.

Vanquished Creatures
  A centaur (D:4)
  Blork the orc (D:5)
  2 wights
  A centaur zombie (D:5)
  A scorpion zombie (D:5)
  3 gnolls
  3 adders
  An ufetubus (D:4)
  A worm (D:2)
  7 dart slugs
  6 orcs
  8 ball pythons
  8 endoplasms
  A giant cockroach (D:2)
  10 goblins
  4 hobgoblins
  12 jackals
  7 kobolds
  6 quokkas
  5 bats
  3 frilled lizards
  5 rats
96 creatures vanquished.

Vanquished Creatures (others)
  2 fungi (D:1)
  12 plants
14 creatures vanquished.

Grand Total: 110 creatures vanquished

Notes
Turn   | Place    | Note
-------+----------+-------------------------------------------
     0 | D:1      | croobank the Gargoyle Fighter began the quest for the Orb.
     0 | D:1      | Reached XP level 1. HP: 14/14 MP: 1/1
    37 | D:1      | Reached XP level 2. HP: 5/19 MP: 2/2
   832 | D:1      | Reached XP level 3. HP: 23/23 MP: 3/3
  1278 | D:1      | Learned a level 2 spell: Ensorcelled Hibernation
  1344 | D:1      | Found a faded altar of an unknown god.
  1356 | D:1      | Prayed at the altar of an unknown god.
  1356 | D:1      | Became a worshipper of Warmaster Okawaru
  1356 | D:1      | Reached * piety under Okawaru
  1467 | D:2      | Found Myquenigh's Weapon Shoppe.
  1577 | D:2      | Reached skill level 1 in Hexes
  1579 | D:2      | Reached XP level 4. HP: 28/28 MP: 4/4
  1614 | D:2      | Reached skill level 4 in Armour
  2021 | D:2      | Found Vajyz's Antique Weapon Boutique.
  2102 | D:2      | Found Osunov's Distillery.
  2108 | D:2      | Found Zeudwah's Book Shoppe.
  2537 | D:3      | Reached XP level 5. HP: 29/32 MP: 6/6
  2702 | D:3      | Found a broken altar of Ashenzari.
  3072 | D:3      | Found an ancient bone altar of Kikubaaqudgha.
  3102 | D:3      | Reached skill level 1 in Spellcasting
  3134 | D:3      | Learned a level 2 spell: Blink
  3250 | D:4      | Found a sparkling altar of Nemelex Xobeh.
  3276 | D:4      | Found a hide-covered altar of Uskayaw.
  3286 | D:4      | Noticed a centaur
  3301 | D:4      | Killed a centaur
  3302 | D:4      | Reached skill level 1 in Necromancy
  3406 | D:4      | Reached XP level 6. HP: 22/37 MP: 6/8
  4099 | D:5      | Entered Level 5 of the Dungeon
  4155 | D:5      | Found a glowing silver altar of Zin.
  4411 | D:5      | Noticed Blork the orc
  4431 | D:5      | Killed Blork the orc
  4508 | D:5      | Found a hazy altar of Hepliaklqana.
  4509 | D:5      | Found a blossoming altar of Fedhas.
  4675 | D:5      | Reached ** piety under Okawaru
  4766 | D:5      | Noticed Ijyb
  4771 | D:5      | Noticed a sky beast
  4779 | D:6      | Reached XP level 7. HP: 19/41 MP: 9/11
  4906 | D:6      | Slain by an orc warrior

Illustrated notes

Levels and vault maps discovered:
D:1:      scummos_arrival_forest, layout_rooms, shapermc_ecumenical_altar_petra,
          minmay_liquid_box, st_stairs_10
D:2:      minmay_alternating_diamond, layout_basic, serial_shops,
          nicolae_shop_waterfront, nicolae_shop_window_shopping, shop, shop
D:3:      layout_basic, nicolae_overflow_crystal_walls,
          cheibrodos_ashenzari_chains
D:4:      layout_loops_ring, nicolae_uskayaw_murder_on_the_dancefloor,
          lemuel_round_altar, serial_bayou_lagoon_a
D:5:      layout_basic, mainiacjoe_overflow_alcove_4,
          grunt_temple_overflow_open, mainiacjoe_overflow_alcove_2,
          minmay_shop_enchanted_jewellery, nicolae_wooded_promenade,
          st_stairs_14, uniq_ijyb, uniq_blork_the_orc
D:6:      layout_loops_ring, minmay_temple_entry_stoned_glass, serial_rivers,
          chequers_serial_rivers_room_a, chequers_serial_rivers_large_a,
          chequers_serial_rivers_room_b, chequers_serial_rivers_micro_e,
          st_stairs_1, minmay_crossroads

Skill      XL: |  1  2  3  4  5  6 |
---------------+-------------------+-----
Hexes          | 1 2 |  2.9
Armour         | 4 |  4.2
Maces & Flails | 3 |  3.1
Spellcasting   | 1 2 |  2.7
Necromancy     | 1 2 |  2.1
Fighting       | |  3.5
Dodging        | |  0.4
Shields        | |  3.8

Action                   |  1- 3 |  4- 6 |  7- 9 || total
-------------------------+-------+-------+-------++-------
Melee: Flail             |   118 |   252 |     2 ||   372
Throw: Stone             |       |     8 |       ||     8
Invok: Heroism           |       |     1 |       ||     1
  Use: Potion            |     3 |     3 |       ||     6
       Scroll            |     2 |     6 |       ||     8
Armor: Scale mail        |    66 |   145 |     2 ||   213
       Skin              |    17 |       |       ||    17
Dodge: Dodged            |    58 |   169 |     3 ||   230
Block: Buckler           |    19 |    64 |       ||    83

Table legend: (Time is in decaauts)
 A = Elapsed time spent in this place.
 B = Non-inter-level travel time spent in this place.
 C = Inter-level travel time spent in this place.
 D = Time resting spent in this place.
 E = Time spent auto-exploring this place.
 F = Levels seen in this place.
 G = Mean time per level.
                   A        B        C        D        E       F      G
               +--------+--------+--------+--------+--------+-----+--------+
         Total |   5016 |   4948 |     68 |   1141 |   2661 |   6 |  836.0 |
       Dungeon |   5016 |   4948 |     68 |   1141 |   2661 |   6 |  836.0 |
               +--------+--------+--------+--------+--------+-----+--------+

Top non-repeatable levels by time:
     D:1: 1400 daAuts
     D:2: 1167 daAuts
     D:4: 906 daAuts
     D:3: 722 daAuts
     D:5: 683 daAuts
     D:6: 136 daAuts
